 Dungeon Crawl Stone Soup version 0.29.0-4-gdea44cf6ec (webtiles) character file.

Game seed: 4764846512901976242

4364 qw the Cleaver (level 9, -1/80 HPs)
             Began as a Minotaur Fighter on Sept 7, 2022.
             Was a Follower of Ru.
             Slain by a cyclops (26 damage)
             ... on level 9 of the Dungeon.
             The game lasted 00:02:52 (8507 turns).

qw the Cleaver (Minotaur Fighter)                   Turns: 8507, Time: 00:02:53

Health: -1/80      AC: 15    Str: 25    XL:     9   Next: 12%
Magic:  8/8        EV:  7    Int:  5    God:    Ru [*.....]
Gold:   398        SH: 10    Dex: 10    Spells: 8/8 levels left

rFire   . . .      SeeInvis .   c - +4 war axe
rCold   . . .      Faith    .   k - +0 kite shield
rNeg    . . .      Spirit   .   u - +0 chain mail
rPois   +          Reflect  .   r - +1 hat
rElec   .          Harm     .   n - +0 cloak
rCorr   .          Rampage  .   f - +2 pair of gloves
Will    .....                   (no boots)
Stlth   ..........              a - amulet of regeneration
HPRegen 1.03/turn               p - ring of poison resistance
MPRegen 0.11/turn               (no ring)

@: lethally poisoned (-1 -> -2)
A: horns 2, inexperienced 1, retaliatory headbutt
a: Renounce Religion


You were on level 9 of the Dungeon.
You worshipped Ru.
Ru was aware of your devotion.
You visited 2 branches of the dungeon, and saw 10 of its levels.

You collected 398 gold pieces.


Innate Abilities, Weirdness & Mutations

You have a pair of horns on your head.
You are somewhat inexperienced. (-1 XL)
You reflexively headbutt those who attack you in melee.


   Skills:
 - Level 7.6 Fighting
 + Level 12.3 Axes
 - Level 3.9 Throwing
 - Level 5.3 Armour
 - Level 2.6 Dodging
 - Level 9.1 Shields


You had 8 spell levels left.
You didn't know any spells.
Your spell library was empty.

Inventory:

Hand Weapons
 c - a +4 war axe (weapon)
 y - a +2 hand axe of flaming
Missiles
 l - 4 boomerangs (quivered)
Armour
 f - a +2 pair of gloves (worn)
 k - a +0 kite shield (worn)
 n - a +0 cloak (worn)
 r - a +1 hat (worn)
 u - a +0 chain mail (worn)
 w - a +1 pair of gloves
 x - a +0 plate armour
Jewellery
 a - an amulet of regeneration (around neck)
 p - a ring of poison resistance (left hand)
Scrolls
 m - a scroll of identify
 s - 2 scrolls of teleportation
Potions
 b - a potion of degeneration {unknown}
 d - 6 potions of might
 e - 2 potions of haste
 h - a potion of resistance
 j - 3 potions of curing
 o - a potion of cancellation {unknown}
 q - a potion of attraction {unknown}
 t - a potion of heal wounds {unknown}
 v - a potion of mutation {unknown}

Dungeon Overview and Level Annotations

Branches:
Dungeon (9/15)             Temple (1/1) D:6             Orc (0/2) D:9
   Lair: D:8-11

Altars:
Ashenzari
Cheibriados
Dithmenos
Elyvilon
Gozag
Hepliaklqana
Kikubaaqudgha
Makhleb
Nemelex Xobeh
Okawaru
Qazlal
Ru
Sif Muna
Trog
Uskayaw
Vehumet
Yredelemnul
Zin
The Shining One

Shops:
D:4 :


Message History

You barely miss the killer bee.
The killer bee is almost dead.
You miss the killer bee. You completely miss the killer bee.
You slash the killer bee!
You feel sick. The killer bee closely misses you. You furiously retaliate!
You headbutt the killer bee, but do no damage.
The killer bee stings you but does no damage.
The killer bee barely misses you. You furiously retaliate!
You headbutt the killer bee.
You kill the killer bee!
You block the killer bee's attack. x2; The killer bee stings you.
You are more poisoned.
The killer bee poisons you! The killer bee completely misses you.
You slice the killer bee!!
You kill the killer bee!
You slash the killer bee!
You kill the killer bee!
You miss the killer bee.
You feel very sick. You block the killer bee's attack.
The killer bee stings you but does no damage.
You hit the killer bee.
The killer bee is almost dead.
You hit the cyclops.
You feel sick. You block the killer bee's attack.
The killer bee barely misses you.
You closely miss the killer bee.
The killer bee is almost dead.
You slash the cyclops!
You feel sick. You block the killer bee's attack.
The cyclops barely misses you. You block the killer bee's attack.
You barely miss the killer bee. Your headbutt misses the killer bee.
The killer bee is almost dead.
You hit the cyclops.
You feel sick. You block the killer bee's attack.
The killer bee closely misses you. You furiously retaliate!
You headbutt the killer bee!
You kill the killer bee!
The cyclops hits you!!
You die...

#.# .. #.# #. .# #.# #.#
.# #.# #.###. #.# #.##..
## #.# #.##.#
..#~~###.## #.##.#
C.'....#..## #.##.###
#.(.C@#### #.......
##..%%...######.#.#..#
#~'................###.)
~~~###.....)...###.##
##. ... #...##)##.#
#..###.# .. #......##.#
#...#..# . #..##..##.#
#..#.#.# #......##.#
#....... ##.##.###.#
##..####


You could see a cyclops.

Vanquished Creatures
  2 hornets (D:8)
  A wraith (D:8)
  A wyvern (D:8)
  A steam dragon (D:8)
  An acid dragon (D:9)
  Edmund (D:4)
  A water moccasin (D:7)
  2 ice beasts (D:7)
  5 orc warriors
  2 sky beasts
  3 black bears
  A phantom (D:5)
  4 kobold brigands
  3 bullfrogs
  A gnoll sergeant (D:7)
  2 scorpions
  8 wights
  4 killer bees (D:9)
  2 howler monkeys (D:8)
  3 hounds
  4 orc priests
  2 jellies
  6 orc wizards
  An iguana (D:3)
  8 adders
  15 gnolls
  A shadow imp (D:7)
  An ufetubus (D:5)
  2 worms (D:4)
  3 dart slugs
  17 orcs
  5 endoplasms
  2 giant cockroaches
  7 hobgoblins
  7 jackals (D:2)
  17 kobolds
  2 quokkas
  6 ball pythons
  3 bats
  3 frilled lizards
  15 goblins
  4 rats
  A butterfly (D:6)
180 creatures vanquished.

Vanquished Creatures (others)
  A plant (D:8)
1 creature vanquished.

Grand Total: 181 creatures vanquished

Notes
Turn   | Place    | Note
-------+----------+-------------------------------------------
     0 | D:1      | qw the Minotaur Fighter began the quest for the Orb.
     0 | D:1      | Reached XP level 1. HP: 19/19 MP: 0/0
     0 | D:1      | 0 ||| qw: Version: 0.1-a-108-g9e35731
     0 | D:1      | 0 ||| qw: Game counter: 6431
     0 | D:1      | 0 ||| qw: Always use a shield: true
     0 | D:1      | 0 ||| qw: God list: Ru
     0 | D:1      | 0 ||| qw: Allow faded altars: false
     0 | D:1      | 0 ||| qw: Do Orc after D:15 true
     0 | D:1      | 0 ||| qw: Do second Lair branch before Depths: true
     0 | D:1      | 0 ||| qw: Lair rune preference: random
     0 | D:1      | 0 ||| qw: Plans: Normal
     0 | D:1      | 0 ||| PLANNING D:1-11
    71 | D:1      | 71 ||| Stepping ~*~*~tactically~*~*~ (stealth).
    73 | D:1      | 73 ||| Stepping ~*~*~tactically~*~*~ (hiding).
    80 | D:1      | Reached skill level 3 in Axes
    84 | D:1      | Reached XP level 2. HP: 22/26 MP: 1/1
   283 | D:1      | Found a faded altar of an unknown god.
   818 | D:1      | Reached skill level 4 in Axes
  1016 | D:1      | 1016 ||| UPGRADING to +0 pair of gloves.
  1021 | D:1      | 1021 ||| READING 2 scrolls labelled JUBLAAMEYBB.
  1026 | D:1      | 1026 ||| READING scroll labelled ODGHIN PANU.
  1094 | D:2      | Reached XP level 3. HP: 30/31 MP: 2/2
  1500 | D:2      | 1500 ||| Stepping ~*~*~tactically~*~*~ (hiding).
  1613 | D:2      | 1613 ||| Stepping ~*~*~tactically~*~*~ (stealth).
  1649 | D:2      | Reached skill level 5 in Axes
  1759 | D:2      | Reached skill level 1 in Dodging
  1759 | D:2      | Reached XP level 4. HP: 39/39 MP: 3/3
  1986 | D:2      | 1986 ||| READING scroll labelled SOLYCE FYDGHOIRORO.
  1987 | D:2      | 1987 ||| READING scroll labelled EXADWU XEBUMIT.
  1988 | D:2      | 1988 ||| READING 2 scrolls labelled NORPHI RAUM.
  1989 | D:2      | 1989 ||| READING scroll labelled AGGOISTOIXT.
  1990 | D:2      | 1990 ||| DROPPING scroll of noise.
  2358 | D:3      | Reached skill level 6 in Axes
  2431 | D:3      | Reached XP level 5. HP: 45/45 MP: 4/4
  3164 | D:3      | 3164 ||| UPGRADING to +0 kite shield.
  3174 | D:3      | 3174 ||| DROPPING +0 buckler.
  3175 | D:3      | 3175 ||| UPGRADING to +1 hat.
  3180 | D:3      | 3180 ||| DROPPING amulet of magic regeneration.
  3181 | D:3      | 3181 ||| READING scroll labelled ISMENAEFRO.
  3182 | D:3      | 3182 ||| READING 2 scrolls labelled XOWAL OKURAOHA.
  3183 | D:3      | 3183 ||| READING scroll labelled WATIOGIMADGH.
  3184 | D:3      | 3184 ||| DRINKING 2 fizzy golden potions.
  3185 | D:3      | 3185 ||| DRINKING 2 red potions.
  3186 | D:3      | 3186 ||| DROPPING potion of flight.
  3285 | D:4      | 3285 ||| Stepping ~*~*~tactically~*~*~ (hiding).
  3383 | D:4      | Noticed Edmund
  3396 | D:4      | HP: 4/45 [Edmund/+4 flail of protection (11)]
  3397 | D:4      | 3397 ||| READING scroll of teleportation.
  3401 | D:4      | Killed Edmund
  3402 | D:4      | Reached XP level 6. HP: 6/51 MP: 5/5
  3679 | D:4      | 3679 ||| Stepping ~*~*~tactically~*~*~ (stealth).
  3682 | D:4      | 3682 ||| Stepping ~*~*~tactically~*~*~ (stealth).
  3684 | D:4      | 3684 ||| Stepping ~*~*~tactically~*~*~ (hiding).
  3762 | D:4      | 3762 ||| DROPPING +0 club.
  3839 | D:4      | 3839 ||| Stepping ~*~*~tactically~*~*~ (stealth).
  3843 | D:4      | 3843 ||| Stepping ~*~*~tactically~*~*~ (stealth).
  3848 | D:4      | 3848 ||| Stepping ~*~*~tactically~*~*~ (stealth).
  3849 | D:4      | 3849 ||| Stepping ~*~*~tactically~*~*~ (stealth).
  3850 | D:4      | 3850 ||| Stepping ~*~*~tactically~*~*~ (stealth).
  3851 | D:4      | 3851 ||| Stepping ~*~*~tactically~*~*~ (stealth).
  3852 | D:4      | 3852 ||| Stepping ~*~*~tactically~*~*~ (stealth).
  3853 | D:4      | 3853 ||| Stepping ~*~*~tactically~*~*~ (stealth).
  3855 | D:4      | 3855 ||| Stepping ~*~*~tactically~*~*~ (stealth).
  3857 | D:4      | 3857 ||| Stepping ~*~*~tactically~*~*~ (hiding).
  3970 | D:4      | 3970 ||| DROPPING +0 flail.
  3998 | D:4      | Found an iron altar of Okawaru.
  4027 | D:4      | Reached skill level 7 in Axes
  4150 | D:4      | Found Wiwimepp's Book Shoppe.
  4201 | D:4      | 4201 ||| Stepping ~*~*~tactically~*~*~ (stealth).
  4421 | D:4      | 4421 ||| READING scroll labelled DOECKUADWI ANITUYGH.
  4422 | D:4      | 4422 ||| READING 2 scrolls labelled ADUNED PIOXTU.
  4564 | D:4      | 4564 ||| READING 2 scrolls of identify.
  4564 | D:4      | 4564 ||| IDENTIFYING coppery potion
  4565 | D:4      | 4565 ||| DROPPING scroll of torment.
  4592 | D:5      | Entered Level 5 of the Dungeon
  4635 | D:5      | Reached XP level 7. HP: 51/60 MP: 6/6
  4719 | D:5      | Reached skill level 8 in Axes
  4792 | D:5      | 4792 ||| Stepping ~*~*~tactically~*~*~ (hiding).
  4872 | D:5      | Reached skill level 6 in Shields
  5207 | D:5      | 5207 ||| READING scroll labelled WEEWOA NOPHUJU.
  5208 | D:5      | 5208 ||| READING scroll labelled KUXISONUNOIMM.
  5209 | D:5      | 5209 ||| READING scroll labelled BECURABRIN.
  5209 | D:5      | Identified a scroll of acquirement
  5209 | D:5      | 5209 ||| ACQUIRING amulet of regeneration
  5209 | D:5      | Acquired an amulet of regeneration
  5211 | D:5      | 5211 ||| UPGRADING to amulet of regeneration.
  5216 | D:5      | 5216 ||| READING 2 scrolls of identify.
  5216 | D:5      | 5216 ||| IDENTIFYING smoky green potion
  5217 | D:5      | 5217 ||| DROPPING potion of lignification.
  5218 | D:5      | 5218 ||| READING scroll of teleportation.
  5327 | D:6      | 5327 ||| Stepping ~*~*~tactically~*~*~ (hiding).
  5331 | D:6      | 5331 ||| Stepping ~*~*~tactically~*~*~ (hiding).
  5371 | D:6      | 5371 ||| READING scroll of enchant armour.
  5371 | D:6      | 5371 ||| ENCHANTING +0 pair of gloves.
  5600 | D:6      | Found a snail-covered altar of Cheibriados.
  5603 | D:6      | Found a stormy altar of Qazlal.
  5606 | D:6      | Found a white marble altar of Elyvilon.
  5607 | D:6      | Found a broken altar of Ashenzari.
  5607 | D:6      | Found a burning altar of Makhleb.
  5607 | D:6      | Found a hazy altar of Hepliaklqana.
  5607 | D:6      | Found an ancient bone altar of Kikubaaqudgha.
  5611 | D:6      | Found a radiant altar of Vehumet.
  5612 | D:6      | Found a sparkling altar of Nemelex Xobeh.
  5627 | D:6      | Found a shadowy altar of Dithmenos.
  5644 | D:6      | 5644 ||| READING scroll of brand weapon.
  5644 | D:6      | 5644 ||| BRANDING +1 vorpal war axe.
  5669 | D:6      | Reached skill level 9 in Axes
  5713 | D:6      | Found a staircase to the Ecumenical Temple.
  5714 | D:6      | 5714 ||| PLANNING TEMPLE
  5714 | D:6      | 5714 ||| DROPPING ring of flight.
  5723 | Temple   | Entered the Ecumenical Temple
  5800 | Temple   | Became a worshipper of Ru the Awakened
  5828 | Temple   | 5828 ||| PLANNING D:1-11
  5979 | D:6      | 5979 ||| READING scroll of enchant armour.
  5979 | D:6      | 5979 ||| ENCHANTING +1 pair of gloves.
  6133 | D:6      | 6133 ||| UPGRADING to +0 cloak.
  6138 | D:6      | 6138 ||| DRINKING 2 bubbling inky potions.
  6139 | D:6      | 6139 ||| READING 2 scrolls of identify.
  6139 | D:6      | 6139 ||| IDENTIFYING fizzy dark potion
  6140 | D:6      | 6140 ||| DROPPING potion of magic.
  6217 | D:7      | Reached XP level 8. HP: 43/68 MP: 7/7
  6219 | D:7      | HP: 16/67 [wight/+1 great sword (15)]
  6220 | D:7      | 6220 ||| READING scroll of teleportation.
  6306 | D:7      | 6306 ||| SWAPPING to +4 war axe.
  6307 | D:7      | 6307 ||| DROPPING +1 war axe of draining.
  6322 | D:7      | Reached skill level 10 in Axes
  6445 | D:7      | Found a flagged portal.
  6451 | D:7      | Reached skill level 1 in Throwing
  6822 | D:7      | 6822 ||| Stepping ~*~*~tactically~*~*~ (hiding).
  6831 | D:7      | Reached skill level 6 in Fighting
  6915 | D:7      | 6915 ||| Stepping ~*~*~tactically~*~*~ (hiding).
  6932 | D:7      | Reached XP level 9. HP: 56/78 MP: 8/8
  7102 | D:7      | Reached skill level 11 in Axes
  7102 | D:7      | 7102 ||| INVOKING Sacrifice Experience.
  7102 | D:7      | Gained mutation: You are somewhat inexperienced. (-1 XL)
                  | [Ru sacrifice]
  7102 | D:7      | Reached XP level 8. HP: 71/71 MP: 7/7
  7102 | D:7      | Reached * piety under Ru
  7167 | D:7      | 7167 ||| UPGRADING to +0 chain mail.
  7177 | D:7      | 7177 ||| DROPPING +0 scale mail.
  7178 | D:7      | 7178 ||| UPGRADING to ring of poison resistance.
  7228 | D:8      | 7228 ||| Stepping ~*~*~tactically~*~*~ (hiding).
  7294 | D:8      | 7294 ||| Stepping ~*~*~tactically~*~*~ (stealth).
  7297 | D:8      | 7297 ||| Stepping ~*~*~tactically~*~*~ (stealth).
  7446 | D:8      | Reached skill level 3 in Throwing
  7521 | D:8      | Reached skill level 12 in Axes
  7928 | D:9      | Found a staircase to the Orcish Mines.
  7931 | D:9      | 7931 ||| Stepping ~*~*~tactically~*~*~ (hiding).
  7934 | D:9      | 7934 ||| Stepping ~*~*~tactically~*~*~ (hiding).
  8060 | D:9      | Reached XP level 9. HP: 40/80 MP: 8/8
  8403 | D:9      | Reached skill level 9 in Shields
  8403 | D:9      | 8403 ||| FLEEEEING.
  8404 | D:9      | 8404 ||| FLEEEEING.
  8422 | D:9      | 8422 ||| DROPPING +4 flail of protection.
  8491 | D:9      | Noticed a cyclops
  8492 | D:9      | 8492 ||| FLEEEEING.
  8507 | D:9      | Slain by a cyclops

Levels and vault maps discovered:
D:1:      dpeg_arrival_oval, layout_loops_cross, ebering_ecumenical_altar_hall,
          minmay_tromino_mix6
D:2:      layout_basic
D:3:      layout_basic
D:4:      kennysheep_the_goblin_king, layout_basic, kennysheep_mini,
          serial_shops, nicolae_square_shop, minivault_23, uniq_edmund
D:5:      layout_loops_ring, kennysheep_generic_room_16
D:6:      layout_loops_cross, old_standard_altar, minitemple,
          minmay_temple_entry_butterflies, st_stairs_13,
          kennysheep_generic_room_13
D:7:      layout_basic, enter_bailey_5, corner_web_ring
D:8:      layout_basic, minmay_misc_feat_tower, serial_bayou_crossing
D:9:      layout_loops_corners, minmay_orc_entry_temple_small, lightli_minifort
Temple:   bh_familiar_temple

Skill      XL: |  1  2  3  4  5  6  7  8  9 |
---------------+----------------------------+-----
Axes           | 3 4 5 6 7 9 12 11 | 12.3
Dodging        | 1 2 |  2.6
Shields        | 5 6 8 9 |  9.1
Fighting       | 4 5 7 |  7.6
Throwing       | 3 |  3.9
Armour         | 5 |  5.3

Action                   |  1- 3 |  4- 6 |  7- 9 || total
-------------------------+-------+-------+-------++-------
Melee: War axe           |    95 |    98 |   232 ||   425
       Headbutt          |    11 |    13 |    34 ||    58
Throw: Boomerang         |       |    57 |    30 ||    87
       Javelin           |       |       |    26 ||    26
Invok: Sacrifice Experie |       |       |     1 ||     1
  Use: Scroll            |     2 |    11 |    10 ||    23
       Potion            |       |     2 |     1 ||     3
Armor: Scale mail        |    43 |    21 |    62 ||   126
       Chain mail        |       |       |    47 ||    47
Dodge: Dodged            |    37 |    24 |    78 ||   139
Block: Buckler           |    14 |     6 |       ||    20
       Kite shield       |       |    31 |   110 ||   141

Table legend:
 A = Non-vault XP
 B = Vault XP
 C = Vault XP percentage of total XP
 D = Non-vault monster count
 E = Vault monster count
 F = Vault count percentage of total count
                 A         B        C        D         E       F
            +---------+---------+-------+---------+---------+-------
      Total |    5589 |     712 |  11.3 |     151 |      28 |  15.6
            +---------+---------+-------+---------+---------+-------
        D:1 |      26 |       8 |  23.5 |      15 |       3 |  16.7
        D:2 |      68 |       0 |   0.0 |      18 |       0 |   0.0
        D:3 |     126 |       0 |   0.0 |      17 |       0 |   0.0
        D:4 |     203 |     171 |  45.7 |      18 |       8 |  30.8
        D:5 |     427 |      14 |   3.2 |       9 |       1 |  10.0
        D:6 |     283 |      93 |  24.7 |      10 |       1 |   9.1
        D:7 |    1576 |       7 |   0.4 |      25 |       4 |  13.8
        D:8 |    2004 |       0 |   0.0 |      23 |       0 |   0.0
        D:9 |     876 |     419 |  32.4 |      16 |      11 |  40.7
            +---------+---------+-------+---------+---------+-------
